 Dungeon Crawl Stone Soup version 0.30-a0-857-gcaf70739d4 (webtiles) character file.

Game seed: 7588035550117625456

39359 Pooter the Severer (level 13, -23/175 HPs)
             Began as a Minotaur Berserker on Mar 4, 2023.
             Was a Priest of Trog.
             Annihilated by a reaper
             ... wielding a +1 scythe of freezing
              (36 damage)
             ... in an ice cave on Mar 5, 2023.
             The game lasted 01:44:41 (23414 turns).

Pooter the Severer (Minotaur Berserker)            Turns: 23414, Time: 01:44:41

Health: -23/175    AC: 19    Str: 24    XL:     13   Next: 68%
Magic:  12/12      EV: 12    Int:  4    God:    Trog [***...]
Gold:   1306       SH:  0    Dex: 13    Spells: 12/12 levels left

rFire   x . .      SeeInvis .    a - +0 battleaxe
rCold   + . .      Faith    .    (shield currently unavailable)
rNeg    . . .      Spirit   .    J - +2 plate armour
rPois   .          Reflect  .    H - +1 hat {Stlth+}
rElec   .          Rampage  .    l - +2 cloak
rCorr   .                        P - +0 pair of gloves
Will    ++...                    s - +0 pair of boots {Stlth+} Stlth
                                 (no amulet)
HPRegen 1.49/turn                d - +5 ring of evasion
MPRegen 0.13/turn                B - ring of ice

@: mighty, berserking, strong-willed, regenerating, very quick
A: horns 2, retaliatory headbutt
a: Renounce Religion, Berserk, Trog's Hand


You were in an ice cave.
You worshipped Trog.
Trog was most pleased with you.
You visited 3 branches of the dungeon, and saw 17 of its levels.
You also visited: Ice Cave.

You collected 1427 gold pieces.
You spent 121 gold pieces at shops.

Inventory:

Hand Weapons
 a - a +0 battleaxe (weapon)
   (You took it off an orc warrior on level 1 of the Orcish Mines)
 b - a +0 arbalest
   (You took it off an orc warrior on level 9 of the Dungeon)
 g - a +2 halberd
   (You took it off a wight on level 6 of the Dungeon)
 w - a +0 hand axe
 A - a +3 trident
   (You took it off Terence on level 3 of the Dungeon)
 E - a +0 morningstar
   (You took it off an orc on level 5 of the Dungeon)
 F - a +4 spear
   (You took it off a wight on level 6 of the Dungeon)
 M - a +3 war axe
   (You found it on level 9 of the Dungeon)
 N - a +1 war axe of venom
   (You took it off an orc knight on level 1 of the Orcish Mines)
Missiles
 c - a throwing net {!f}
 j - 12 poisoned darts
 z - 6 javelins
 I - a silver boomerang
 L - 19 boomerangs (quivered)
 Q - 103 stones
Armour
 l - a +2 cloak (worn)
   (You found it on level 1 of the Dungeon)
 s - a +0 pair of boots of stealth (worn)
   (You found it on level 9 of the Dungeon)
 H - a +1 hat of stealth (worn)
   (You found it on level 8 of the Dungeon)
 J - a +2 plate armour (worn)
   (You took it off an orc warrior on level 1 of the Orcish Mines)
 P - a +0 pair of gloves (worn)
   (You found it on level 3 of the Lair of Beasts)
Jewellery
 d - a +5 ring of evasion (left hand)
   (You found it on level 1 of the Dungeon)
 q - a ring of flight
   (You took it off a kobold on level 3 of the Dungeon)
 B - a ring of ice (right hand)
   (You took it off Fannar on level 1 of the Lair of Beasts)
 G - a +4 ring of protection
   (You found it on level 8 of the Dungeon)
Wands
 f - a wand of flame (14)
   (You found it on level 8 of the Dungeon)
 v - a wand of polymorph (3)
   (You found it on level 1 of the Lair of Beasts)
 K - a wand of roots (4)
   (You found it on level 10 of the Dungeon)
 O - a wand of mindburst (4)
   (You found it on level 2 of the Lair of Beasts)
Scrolls
 h - 2 scrolls of magic mapping
 i - 2 scrolls of identify {@r1}
 m - 3 scrolls of immolation {!r}
 n - 2 scrolls of torment {!r}
 t - 8 scrolls of teleportation {@r4}
 u - a scroll of fear
 x - 2 scrolls of fog
 D - a scroll of butterflies
Potions
 e - 4 potions of haste {@q3}
 k - 11 potions of curing {@q1}
 o - a potion of might
 p - a potion of heal wounds {@q2}
 r - 2 potions of ambrosia
 y - 3 potions of mutation {!q}
 C - 4 potions of flight


   Skills:
 + Level 11.7 Fighting
 * Level 15.9 Axes
 * Level 13.6 Ranged Weapons
 - Level 2.4 Armour
 - Level 2.1 Dodging
 + Level 8.5 Stealth
 + Level 8.0 Evocations


You had 12 spell levels left.
You didn't know any spells.
Your spell library was empty.

Dungeon Overview and Level Annotations

Branches:
Dungeon (10/15)            Temple (0/1) D:5            Lair (4/5) D:10
 Shoals (0/4) Lair:2       Spider (0/4) Lair:3        Slime (0/5) Lair:4
    Orc (2/2) D:9             Elf (0/3) Orc:2         IceCv (1/1)

Altars:
Cheibriados
Dithmenos
Elyvilon
Fedhas
Gozag
Makhleb
Nemelex Xobeh
Qazlal
Sif Muna
Trog
Uskayaw
Vehumet
Xom
Yredelemnul
Zin
The Shining One
Jiyva

Shops:
Orc:2 ::![(

Annotations:
D:8 6 runed translucent doors
D:9 3 runed translucent doors, Pooter's ghost, novice MiDe
Lair:1 3 runed translucent doors, Wuguth's ghost, journeyman GrEE


Innate Abilities, Weirdness & Mutations

You have a pair of horns on your head.
You reflexively headbutt those who attack you in melee.


Message History

The death yak simulacrum closely misses you.
You hit the death yak simulacrum but do no damage.
You are engulfed in freezing vapours.
You resist.
* * * LOW HITPOINT WARNING * * *
Unknown command.
You cut the death yak simulacrum into ribbons!!!
Trog accepts your kill.
You are engulfed in freezing vapours.
You resist.
* * * LOW HITPOINT WARNING * * *
You feel much better.
You feel very mighty all of a sudden.
The naga simulacrum hits you but does no damage.
The naga simulacrum grabs you. The naga simulacrum constricts you.
* * * LOW HITPOINT WARNING * * *
You barely miss the naga simulacrum.
Your headbutt misses the naga simulacrum.
The naga simulacrum hits you!
* * * LOW HITPOINT WARNING * * *
The naga simulacrum freezes you. You resist.
* * * LOW HITPOINT WARNING * * *
The naga simulacrum constricts you.
You slash the naga simulacrum! Trog accepts your kill.
You can now call in reinforcements.
You float gracefully downwards.
A reaper comes into view.
It is wielding a +1 scythe of freezing and wearing a +0 robe of cold resistance.
A wolf simulacrum comes into view.
You start resting.
You are engulfed in freezing vapours.
You resist.
* * * LOW HITPOINT WARNING * * *
You start resting.
A reaper is nearby!
Your skin crawls.
You feel strong-willed.
You can no longer call in reinforcements.
A red film seems to cover your vision as you go berserk!
You feel yourself moving faster!
You feel mighty! The reaper hits you but does no damage.
Really walk into that cloud of freezing vapour?
You feel a strong urge to attack something.
You are engulfed in freezing vapours.
You resist.
* * * LOW HITPOINT WARNING * * *
The reaper barely misses you.
You slice the reaper!! You headbutt the reaper.
You are engulfed in freezing vapours.
You resist.
* * * LOW HITPOINT WARNING * * *
You hear a shout!
You closely miss the reaper.
You are engulfed in freezing vapours.
You resist.
* * * LOW HITPOINT WARNING * * *
The reaper hits you with a +1 scythe of freezing!!!
You die...

##...## .. ##..∩..#
###2# #....... ....
#...∩... ...
##.....# #.. ##...##
#.. ##### ##...#
#○.###°..## #...##
#§Z2@.§§§°## #...##
#.○§☼§§##.§§#☼§#
##...## ##§°☼#.
###○°☼○######...#
#§§ ..
#☼#.○°#≈≈≈##..# ##
#..
#.§§§°#☼○≈≈.#..##
..##.§..####○##...##
... §§.### #####..#
... §☼# #....# #
........


You could see a reaper and a wolf simulacrum.

Vanquished Creatures
  Kirke (Lair:3)
  Snorg (D:10)
  Fannar (Lair:1)
  Erolcha (D:10)
  An ogre mage (Orc:1)
  A catoblepas (Lair:4)
  6 two-headed ogres
  An orc high priest (Orc:2)
  A skyshark (Lair:3)
  Nergalle (Lair:3)
  6 orc sorcerers
  4 orc knights
  A cyclops (Orc:1)
  Joseph (D:10)
  A merfolk siren (Lair:2)
  Maurice (D:10)
  3 cane toads
  A rime drake (Lair:3)
  5 komodo dragons
  3 ice devils
  4 trolls
  3 merfolk (Lair:2)
  12 blink frogs (Lair:3)
  6 dream sheep (Lair:4)
  A jumping spider (D:8)
  3 wyverns
  A dire elephant simulacrum (IceCv)
  A fire elemental (Lair:2)
  A death yak simulacrum (IceCv)
  38 yaks
  5 hogs
  A basilisk (Lair:2)
  2 redbacks (D:8)
  Grum (D:10)
  4 vampire mosquitoes
  4 wargs
  2 acid dragons
  8 water moccasins
  2 ice beasts
  17 orc warriors
  2 black bears
  2 centaurs (D:9)
  5 ogres
  16 wolves
  A phantom (D:4)
  6 bullfrogs
  A two-headed ogre simulacrum (IceCv)
  3 scorpions
  7 wights (D:6)
  5 killer bees (D:8)
  A vampire bat (Lair:3)
  A jelly (D:6)
  A howler monkey (D:6)
  3 hounds (D:5)
  2 gnoll boudas
  23 orc priests
  Jessica (D:3)
  Natasha (thrice) (D:3)
  5 iguanas
  2 sleepcaps
  24 orc wizards
  A spriggan simulacrum (IceCv)
  Terence (D:3)
  A wolf simulacrum (IceCv)
  2 polar bear simulacra (IceCv)
  4 adders
  11 gnolls
  3 naga simulacra (IceCv)
  3 white imps
  4 ufetubi
  A dart slug (D:1)
  3 worms
  59 orcs
  7 endoplasms
  3 giant cockroaches
  4 goblins
  7 hobgoblins
  5 quokkas
  5 ball pythons
  9 bats
  3 frilled lizards
  8 kobolds
  2 rats
  A fire vortex (Lair:2)
418 creatures vanquished.

Vanquished Creatures (collateral kills)
  An orc wizard (D:9)
  3 orcs (D:9)
4 creatures vanquished.

Vanquished Creatures (others)
  2 orc wizards
  28 fungi
  28 plants
58 creatures vanquished.

Grand Total: 480 creatures vanquished

Notes
Turn   | Place    | Note
-------+----------+-------------------------------------------
     0 | D:1      | Pooter the Minotaur Berserker began the quest for the Orb.
     0 | D:1      | Reached XP level 1. HP: 19/19 MP: 0/0
   214 | D:1      | Reached skill level 4 in Axes
   214 | D:1      | Reached XP level 2. HP: 26/27 MP: 1/1
   632 | D:2      | Found a glowing golden altar of the Shining One.
   649 | D:2      | Reached skill level 1 in Stealth
   729 | D:2      | Reached XP level 3. HP: 33/33 MP: 2/2
   883 | D:2      | Reached ** piety under Trog
  1198 | D:3      | Found a hide-covered altar of Uskayaw.
  1220 | D:3      | Noticed Jessica
  1226 | D:3      | Killed Jessica
  1227 | D:3      | Reached skill level 5 in Axes
  1227 | D:3      | Reached XP level 4. HP: 41/41 MP: 3/3
  1397 | D:3      | Noticed Natasha
  1404 | D:3      | Killed Natasha
  1712 | D:3      | Noticed Natasha
  1721 | D:3      | Killed Natasha
  1722 | D:3      | Reached XP level 5. HP: 37/47 MP: 4/4
  1730 | D:3      | Noticed Natasha
  1739 | D:3      | Killed Natasha
  1932 | D:3      | Noticed Terence
  1938 | D:3      | Killed Terence
  1997 | D:3      | Found a snail-covered altar of Cheibriados.
  2086 | D:4      | Reached skill level 6 in Axes
  2347 | D:4      | Noticed a phantom
  2352 | D:4      | Reached skill level 5 in Fighting
  2354 | D:4      | Killed a phantom
  2355 | D:4      | Reached skill level 1 in Ranged Weapons
  2355 | D:4      | Reached XP level 6. HP: 56/56 MP: 5/5
  2965 | D:5      | Entered Level 5 of the Dungeon
  2970 | D:4      | Reached *** piety under Trog
  3110 | D:5      | Found a staircase to the Ecumenical Temple.
  3153 | D:5      | Reached XP level 7. HP: 60/61 MP: 6/6
  3173 | D:5      | Reached skill level 7 in Axes
  3177 | D:5      | Found a sparkling altar of Nemelex Xobeh.
  3197 | D:5      | Reached skill level 1 in Evocations
  3273 | D:5      | Found a blossoming altar of Fedhas.
  3378 | D:5      | Found a radiant altar of Vehumet.
  3382 | D:5      | Found an opulent altar of Gozag.
  3912 | D:6      | Reached XP level 8. HP: 70/70 MP: 7/7
  4103 | D:6      | Reached skill level 8 in Axes
  4328 | D:6      | Found a glowing golden altar of the Shining One.
  4634 | D:6      | Reached skill level 5 in Ranged Weapons
  4693 | D:6      | Noticed a troll
  4700 | D:6      | Killed a troll
  4839 | D:6      | Reached skill level 9 in Axes
  4906 | D:6      | Found a glowing silver altar of Zin.
  5080 | D:6      | Reached XP level 9. HP: 76/78 MP: 8/8
  5605 | D:7      | Found a white marble altar of Elyvilon.
  5605 | D:7      | Found a bloodstained altar of Trog.
  5605 | D:7      | Found a shadowy altar of Dithmenos.
  5610 | D:7      | Found a shimmering altar of Xom.
  5615 | D:7      | Found a burning altar of Makhleb.
  5618 | D:7      | Found a basalt altar of Yredelemnul.
  5622 | D:7      | Found a shimmering blue altar of Sif Muna.
  5623 | D:7      | Found a stormy altar of Qazlal.
  6191 | D:8      | Reached skill level 10 in Axes
  6385 | D:8      | Reached skill level 5 in Stealth
  6539 | D:8      | Noticed a troll
  6547 | D:8      | Killed a troll
  6548 | D:8      | Reached XP level 10. HP: 65/88 MP: 9/9
  7089 | D:8      | Found a runed translucent door.
  7207 | D:8      | Found a runed translucent gate.
  7207 | D:8      | Found a runed translucent gate.
  7207 | D:8      | Found a runed translucent gate.
  7207 | D:8      | Found a runed translucent gate.
  7207 | D:8      | Found a runed translucent gate.
  7207 | D:8      | Noticed a boulder beetle
  7207 | D:8      | Noticed a lindwurm
  7261 | D:8      | Found a runed translucent gate.
  7262 | D:8      | Noticed a boulder beetle
  7520 | D:9      | Reached skill level 11 in Axes
  7544 | D:9      | Found a staircase to the Orcish Mines.
  7685 | Orc:1    | Entered Level 1 of the Orcish Mines
  7964 | Orc:1    | Noticed a two-headed ogre
  7982 | Orc:1    | Killed a two-headed ogre
  8038 | Orc:1    | Noticed an ogre mage
  8042 | Orc:1    | Noticed a two-headed ogre
  8108 | D:9      | Found a runed translucent gate.
  8108 | D:9      | Found a runed translucent gate.
  8108 | D:9      | Found a runed translucent gate.
  8109 | D:9      | Noticed Pooter's ghost (novice MiDe)
  8404 | D:9      | Noticed a two-headed ogre
  8416 | D:9      | Killed a two-headed ogre
  8417 | D:9      | Reached skill level 5 in Evocations
  8681 | D:10     | Entered Level 10 of the Dungeon
  8681 | D:10     | Noticed Maurice
  8681 | D:10     | Noticed Snorg
  8703 | D:10     | Noticed Joseph
  8703 | D:10     | Noticed a two-headed ogre
  8904 | D:10     | Noticed Grum
  9012 | D:10     | Killed Grum
  9123 | D:10     | Killed Snorg
  9124 | D:10     | Reached skill level 12 in Axes
  9124 | D:10     | Reached XP level 11. HP: 59/95 MP: 10/10
  9129 | D:10     | Killed Maurice
  9345 | D:9      | Killed a two-headed ogre
  9488 | D:10     | Found a staircase to the Lair.
  9552 | D:10     | Noticed a two-headed ogre
  9560 | D:10     | Killed a two-headed ogre
  9561 | D:10     | Reached skill level 10 in Ranged Weapons
 10157 | D:10     | Killed Joseph
 10993 | D:10     | Noticed Erolcha
 11009 | D:10     | Killed Erolcha
 11396 | Orc:1    | Noticed a two-headed ogre
 11402 | D:9      | Killed a two-headed ogre
 11403 | D:9      | Reached skill level 13 in Axes
 11521 | D:9      | Killed a two-headed ogre
 11934 | Orc:1    | Killed an ogre mage
 12018 | Orc:1    | Noticed an orc knight
 12256 | Orc:1    | Noticed an orc sorcerer
 12264 | D:9      | Killed an orc knight
 12422 | Orc:1    | Killed an orc sorcerer
 12507 | Orc:1    | Noticed an orc knight
 12518 | Orc:1    | Killed an orc knight
 12519 | Orc:1    | Reached skill level 10 in Fighting
 12519 | Orc:1    | Reached XP level 12. HP: 106/106 MP: 11/11
 12952 | Orc:2    | Entered Level 2 of the Orcish Mines
 13681 | Orc:2    | Noticed an orc high priest
 14026 | Orc:2    | Paralysed by an orc sorcerer for 4 turns
 14183 | Orc:2    | Paralysed by an orc sorcerer for 2 turns
 14339 | Orc:2    | Reached skill level 14 in Axes
 14407 | Orc:2    | Found a staircase to the Elven Halls.
 14685 | Orc:2    | Killed an orc high priest
 15969 | Orc:2    | Found Nehi Xew's Weapon Boutique.
 15969 | Orc:2    | Found Geblag's Antique Armour Boutique.
 15970 | Orc:2    | Found Bumm's Book Shop.
 15974 | Orc:2    | Found Vuahe's Distillery.
 16152 | Orc:2    | Bought 2 potions of curing for 66 gold pieces
 16152 | Orc:2    | Bought a potion of brilliance for 44 gold pieces
 16152 | Orc:2    | Bought a potion of degeneration for 11 gold pieces
 16683 | Orc:2    | Found Last's Vocational Training.
 16860 | Lair:1   | Entered Level 1 of the Lair of Beasts
 16959 | Lair:1   | Found a blossoming altar of Fedhas.
 17130 | Lair:1   | Found a runed translucent gate.
 17130 | Lair:1   | Found a runed translucent gate.
 17133 | Lair:1   | Noticed a 12-headed hydra
 17133 | Lair:1   | Noticed Wuguth's ghost (journeyman GrEE)
 17134 | Lair:1   | Noticed an 11-headed hydra
 17143 | Lair:1   | Found a runed translucent gate.
 17236 | Lair:1   | Noticed Fannar
 17250 | Lair:1   | Killed Fannar
 17439 | Lair:1   | Found the +11 Singing Sword {sonic wave}
 18808 | Lair:2   | Found a staircase to the Shoals.
 19054 | Lair:2   | Reached XP level 13. HP: 110/116 MP: 12/12
 19061 | Lair:3   | Noticed Kirke
 19072 | Lair:3   | Killed Kirke
 19073 | Lair:3   | Reached skill level 15 in Axes
 19516 | Lair:3   | Found a hole to the Spider Nest.
 19833 | Lair:3   | Noticed Nergalle
 19842 | Lair:3   | Killed Nergalle
 20395 | Lair:3   | Upgraded the game from 0.30-a0-852-g08b95dd62f to
                  | 0.30-a0-857-gcaf70739d4
 20991 | Lair:4   | Found a viscous altar of Jiyva.
 20992 | Lair:4   | Found a staircase to the Slime Pits.
 21652 | Lair:4   | You fall into a shaft and drop 1 floor!
 21652 | Lair:5   | Entered Level 5 of the Lair of Beasts
 21660 | Lair:5   | Found a frozen archway.
 21781 | IceCv    | Entered an ice cave
 23398 | IceCv    | Reached **** piety under Trog
 23404 | IceCv    | Noticed a reaper
 23414 | IceCv    | Annihilated by a reaper

Illustrated notes

Levels and vault maps discovered:
D:1:      amcnicky_arrival_single_pillar, layout_basic
D:2:      layout_basic, basic_altar
D:3:      layout_rooms, chei_slow_surprise, lemuel_round_altar, serial_aquarium,
          aquarium_bridge_long_separate [aquarium_subvault_bridge,
          aquarium_subvault_wall, aquarium_subvault_bridge,
          aquarium_subvault_bridge, aquarium_subvault_bridge,
          aquarium_subvault_window], aquarium_window_1, aquarium_window_fake,
          aquarium_view_2e, aquarium_balcony_3a, dk_noncrumbling_4,
          uniq_terence, uniq_jessica, uniq_natasha
D:4:      layout_loops_corners, hex_medium, hangedman_minor_gate_pass
D:5:      layout_cave_pools, lemuel_doored_altar, old_standard_altar,
          mainiacjoe_overflow_concentric_impassable,
          nicolae_gozag_cash_rules_everything_around_me,
          minmay_temple_entry_wispy
D:6:      layout_basic, zin_statuary, lemuel_round_altar, reono_crystal_passage,
          minmay_misc_feat_x, minmay_small_thing
D:7:      layout_basic, nicolae_overflow_hallway_of_the_gods
D:8:      gammafunk_indiana_jones, layout_basic, minmay_misc_feat_enclosed
D:9:      layout_cave_pods, orc_david_3, gammafunk_ghost_necromancy
D:10:     layout_small_grid, erik_lair_orcish_takeover, uniq_maurice,
          uniq_snorg, uniq_grum, uniq_erolcha, uniq_joseph
Lair:1:   layout_cave_pods, basic_altar, gammafunk_ghost_hydra_chop, uniq_fannar
Lair:2:   layout_gridlike, elwin_shoals_entry_stream
Lair:3:   layout_loops_ring, spider_nest_entry_web_field, roderic_batcave,
          uniq_nergalle, uniq_kirke
Lair:4:   layout_layer_cave, slime_entry_1, grunt_megastairs_2
Lair:5:   grunt_lair_end_beastmaster, layout_hall_layers,
          portal_ice_cave_demonic_guard, basic_altar, nzn_sisyphean_effort
Orc:1:    layout_caves, basic_altar
Orc:2:    st_orc_mages, layout_caves, lemuel_statue_altar,
          nicolae_shop_vocational
IceCv:    ice_cave_small_demon

Skill      XL: |  1  2  3  4  5  6  7  8  9 10 11 12 13 |
---------------+----------------------------------------+-----
Axes           | 4 5 6 7 9 10 12 13 14 15 | 15.9
Fighting       | 4 5 6 7 8 10 11 | 11.7
Stealth        | 1 2 3 4 5 6 7 8 |  8.5
Ranged Weapons | 1 2 4 5 7 9 11 12 13 | 13.6
Evocations     | 1 3 4 5 6 7 8 |  8.0
Armour         | |  2.4
Dodging        | |  2.1

Action                     |  1- 3 |  4- 6 |  7- 9 | 10-12 | 13-15 || total
---------------------------+-------+-------+-------+-------+-------++-------
  Melee: Hand axe          |    68 |    43 |       |       |       ||   111
         Headbutt          |    10 |    15 |    32 |    98 |    38 ||   193
         Trident           |       |    49 |    43 |       |       ||    92
         Morningstar       |       |       |     6 |       |       ||     6
         Halberd           |       |       |   126 |    75 |       ||   201
         War axe           |       |       |       |   192 |       ||   192
         Punch             |       |       |       |     1 |       ||     1
         Battleaxe         |       |       |       |   160 |   208 ||   368
   Fire: Sling             |       |     4 |    15 |       |       ||    19
         Arbalest          |       |       |       |   209 |    75 ||   284
  Throw: Boomerang         |     6 |       |     2 |     9 |     5 ||    22
         Dart              |       |    10 |    21 |     1 |       ||    32
         Javelin           |       |       |    14 |     4 |       ||    18
 Invoke: Berserk           |     1 |     3 |     7 |    35 |     7 ||    53
         Trog's Hand       |       |       |     5 |    28 |     8 ||    41
  Evoke: Wand              |       |       |       |    13 |       ||    13
    Use: Scroll            |     3 |     2 |    10 |    14 |     1 ||    30
         Potion            |       |       |     2 |     1 |     3 ||     6
   Stab: Petrified         |       |       |       |       |     4 ||     4
 Armour: Animal skin       |    10 |    10 |       |       |       ||    20
         Chain mail        |       |    10 |    45 |    37 |       ||    92
         Plate armour      |       |       |       |   218 |   152 ||   370
  Dodge: Dodged            |    56 |    66 |   121 |   298 |   133 ||   674

Table legend: (Time is in decaauts)
 A = Elapsed time spent in this place.
 B = Non-inter-level travel time spent in this place.
 C = Inter-level travel time spent in this place.
 D = Time resting spent in this place.
 E = Time spent auto-exploring this place.
 F = Levels seen in this place.
 G = Mean time per level.
                   A        B        C        D        E       F      G
               +--------+--------+--------+--------+--------+-----+--------+
         Total |  24123 |  23462 |    661 |  10151 |   9828 |  18 | 1340.2 |
       Dungeon |  12264 |  11715 |    549 |   3579 |   6351 |  10 | 1226.4 |
          Lair |   5027 |   4979 |     48 |   1506 |   2743 |   5 | 1005.4 |
  Orcish Mines |   5173 |   5109 |     64 |   3542 |    734 |   2 | 2586.5 |
      Ice Cave |   1657 |   1657 |      0 |   1522 |      0 |   1 | 1657.0 |
               +--------+--------+--------+--------+--------+-----+--------+

Top non-repeatable levels by time:
   Orc:2: 3077 daAuts
     D:9: 2792 daAuts
   Orc:1: 2096 daAuts
  Lair:3: 2083 daAuts
    D:10: 2009 daAuts
   IceCv: 1657 daAuts
     D:6: 1447 daAuts
  Lair:1: 1139 daAuts
     D:8: 1094 daAuts
  Lair:2: 1090 daAuts
     D:4: 1082 daAuts
     D:7: 959 daAuts
     D:3: 849 daAuts
     D:5: 814 daAuts
     D:1: 633 daAuts
